 Dungeon Crawl Stone Soup version 0.26-a0-639-g72c4674329 (webtiles) character file.

Game seed: 14819510391813374463

714 DogServant the Skirmisher (level 7, -1/47 HPs)
             Began as a Gargoyle Fighter on Sept 15, 2020.
             Slain by Harold
             ... wielding a +1 vorpal war axe
              (4 damage)
             ... on level 7 of the Dungeon.
             The game lasted 00:06:02 (4391 turns).

DogServant the Skirmisher (Gargoyle Fighter)        Turns: 4391, Time: 00:06:03

Health: -1/47      AC: 20    Str: 21    XL:     7   Next: 69%
Magic:  7/7        EV:  4    Int:  9    God:
Gold:   271        SH:  9    Dex:  9    Spells: 6/6 levels left

rFire    + . .     SeeInvis +   a - +1 flail
rCold    x . .     Faith    .   c - +0 kite shield
rNeg     + . .     Spirit   .   f - +1 plate armour
rPois    ∞         Reflect  .   n - +0 helmet
rElec    +         Harm     .   (no cloak)
rCorr    .         Rampage  .   q - +0 pair of gloves
MR       .....                  (no boots)
Stlth    ..........             (no amulet)
HPRegen  0.15/turn              h - ring of fire
MPRegen  0.10/turn              l - ring of see invisible

@: marked
A: negative energy resistance 1, electricity resistance, unbreathing,
petrification resistance, rot immunity, AC +4
a: no special abilities


You were on level 7 of the Dungeon.
You visited 1 branch of the dungeon, and saw 7 of its levels.

You collected 271 gold pieces.

Inventory:

Hand Weapons
 a - a +1 flail (weapon)
Armour
 c - a +0 kite shield (worn)
 f - a +1 plate armour (worn)
 n - a +0 helmet (worn)
 q - a +0 pair of gloves (worn)
Jewellery
 h - a ring of fire (left hand)
 l - a ring of see invisible (right hand)
Scrolls
 d - 4 scrolls of enchant armour
 e - a scroll of teleportation
 g - 2 scrolls of remove curse {unknown}
 k - 2 scrolls of enchant weapon
 r - 2 scrolls of magic mapping {unknown}
 v - a scroll of identify {unknown}
 w - a scroll of fear
Potions
 i - 2 potions of lignification {unknown}
 j - a potion of mutation {unknown}
 m - a potion of degeneration {unknown}
 o - a potion of invisibility {unknown}
 p - a potion of curing {unknown}
 s - a potion of flight {unknown}
 t - 2 potions of berserk rage {unknown}
 u - 2 potions of haste {unknown}


   Skills:
 + Level 6.6 Fighting
 + Level 5.5 Maces & Flails
 - Level 4.2 Armour
 - Level 4.2 Shields


You had 6 spell levels left.
You didn't know any spells.
Your spell library was empty.

Dungeon Overview and Level Annotations

Branches:
Dungeon (7/15)
 Temple: D:4-7

Altars:
Elyvilon
Sif Muna

Shops:
D:4 *

Annotations:
D:7 Harold


Innate Abilities, Weirdness & Mutations

You are resistant to torment.
Your stone body is resilient. (AC +4)
You are immune to poison.
You resist negative energy. (rN+)
You are resistant to electric shocks. (rElec)
You can survive without breathing.
You are immune to petrification.
You are immune to rotting.


Message History

You start waiting.
Harold is nearby!
Harold is nearby!
Harold points at you and mumbles some strange words.
The mark upon you grows brighter.
You hit Harold.
Harold is lightly wounded.
Harold hits you but does no damage.
You sock Harold!
Harold is moderately wounded.
Harold hits you with a +1 vorpal war axe!
You hit Harold but do no damage.
Harold is moderately wounded.
Harold hits you with a +1 vorpal war axe!
The howler monkey hoots and howls with incredible vigour!
Your plate armour prevents you from hitting Harold.
Harold is moderately wounded.
Harold hits you with a +1 vorpal war axe!
* * * LOW HITPOINT WARNING * * *
You die...

#.#.#.#.##.#####.#..(#
#.#..#..#........#...#
..###.....#.#.###.##
####.#......#....##.#
..[......###.#..#.##.#
######...# #....h.##.#
#.#.###...o5....#
#.#......##@##### #
###.#..##@# #.#..##.#
.###.#..##.#
........##.#
####.@.^##.#
##..#.##.#
####...#....##
#....#####...#
#.##...#.....#


You could see Harold, a howler monkey (catching breath), a quasit and an orc.

Vanquished Creatures
  3 ogres
  A centaur zombie (D:7)
  2 hounds
  2 orc wizards (D:7)
  2 orc priests
  3 worker ants
  Robin (D:3)
  A worker ant zombie (D:4)
  5 adders
  A shadow imp (D:7)
  A white imp (D:7)
  An ooze (D:1)
  3 worms
  4 dart slugs
  2 leopard geckos
  3 orcs
  A giant cockroach (D:2)
  12 hobgoblins
  5 jackals (D:3)
  2 quokkas (D:4)
  3 ball pythons
  3 bats
  6 frilled lizards
  17 goblins
  7 kobolds
  7 rats
98 creatures vanquished.

Vanquished Creatures (others)
  An orc wizard (D:7)
1 creature vanquished.

Grand Total: 99 creatures vanquished

Notes
Turn   | Place    | Note
-------+----------+-------------------------------------------
     0 | D:1      | DogServant the Gargoyle Fighter began the quest for the
                  | Orb.
     0 | D:1      | Reached XP level 1. HP: 14/14 MP: 1/1
   146 | D:1      | Reached XP level 2. HP: 19/19 MP: 2/2
   806 | D:2      | Reached XP level 3. HP: 24/24 MP: 3/3
   884 | D:2      | Found a white marble altar of Elyvilon.
  1226 | D:2      | Reached XP level 4. HP: 26/29 MP: 4/4
  1331 | D:2      | Found a shimmering blue altar of Sif Muna.
  1469 | D:3      | Reached skill level 4 in Fighting
  1946 | D:3      | Noticed Robin
  1983 | D:3      | Killed Robin
  1985 | D:3      | Reached XP level 5. HP: 21/33 MP: 5/5
  2415 | D:4      | Found Sunu's Assorted Antiques.
  2530 | D:4      | Noticed an ogre
  2805 | D:4      | Killed an ogre
  2805 | D:4      | Reached skill level 5 in Fighting
  2805 | D:4      | Reached XP level 6. HP: 25/40 MP: 6/6
  3453 | D:5      | Entered Level 5 of the Dungeon
  3453 | D:5      | Noticed a sky beast
  3454 | D:5      | You fall into a shaft and drop 1 floor!
  3645 | D:6      | Noticed an orc warrior
  3697 | D:7      | Reached XP level 7. HP: 25/45 MP: 7/7
  3955 | D:7      | Reached skill level 6 in Fighting
  4175 | D:7      | Reached skill level 5 in Maces & Flails
  4305 | D:7      | Noticed Harold
  4356 | D:7      | Paralysed by Harold for 7 turns
  4391 | D:7      | Slain by Harold

Illustrated notes

Levels and vault maps discovered:
D:1:      saegor_arrival_simple_c, layout_loops_cross, serial_forest,
          infiniplex_forest_lined_room_2, infiniplex_forest_corner_1,
          infiniplex_forest_clump_long, infiniplex_forest_end_1
D:2:      layout_rooms, nicolae_overflow_hidden_temple, lemuel_blue_sif_altar
D:3:      layout_basic, uniq_robin
D:4:      layout_basic, serial_shops, shop, dk_noncrumbling_3
D:5:      layout_loops_ring, minmay_overflow_temple_star_quad, uniq_pikel,
          uniq_prince_ribbit1
D:6:      layout_gridville, kennysheep_little_box,
          minmay_temple_entry_enclosed_plants, serial_bayou,
          serial_bayou_ford_a, serial_bayou_pond_a, serial_bayou_pond_c,
          serial_bayou_shore_b, uniq_menkaure, uniq_blork_the_orc
D:7:      layout_loops_ring, hangedman_minor_gate_pass, uniq_harold,
          uniq_crazy_yiuf_cottage

Skill      XL: |  1  2  3  4  5  6  7 |
---------------+----------------------+-----
Fighting       | 4 5 6 |  6.6
Armour         | 4 |  4.2
Shields        | 4 |  4.2
Maces & Flails | 3 4 5 |  5.5

Action                   |  1- 3 |  4- 6 |  7- 9 || total
-------------------------+-------+-------+-------++-------
Melee: Flail             |   127 |   170 |    52 ||   349
  Use: Scroll            |     5 |     1 |     2 ||     8
       Potion            |       |     1 |     1 ||     2
Armor: Scale mail        |    19 |       |       ||    19
       Plate armour      |    69 |   138 |    37 ||   244
Dodge: Dodged            |    21 |    30 |    12 ||    63
Block: Kite shield       |    62 |    93 |    10 ||   165

Table legend: (Time is in decaauts)
 A = Elapsed time spent in this place.
 B = Non-inter-level travel time spent in this place.
 C = Inter-level travel time spent in this place.
 D = Time resting spent in this place.
 E = Time spent auto-exploring this place.
 F = Levels seen in this place.
 G = Mean time per level.
                   A        B        C        D        E       F      G
               +--------+--------+--------+--------+--------+-----+--------+
         Total |   4500 |   4374 |    126 |    458 |   3007 |   7 |  642.9 |
       Dungeon |   4500 |   4374 |    126 |    458 |   3007 |   7 |  642.9 |
               +--------+--------+--------+--------+--------+-----+--------+

Top non-repeatable levels by time:
     D:3: 1090 daAuts
     D:4: 950 daAuts
     D:1: 824 daAuts
     D:7: 710 daAuts
     D:2: 678 daAuts
     D:6: 243 daAuts
     D:5: 0 daAuts
